Stars vs Red Wings
Created - March 11, 2023 at 23:16
Goals
|
Stars |
0 |
1 |
1 |
2 |
Red Wings |
0 |
3 |
1 |
4 |
|
Shots
|
Stars |
10 |
9 |
10 |
29 |
Red Wings |
10 |
13 |
12 |
35 |
|
1st period
No Goal
Penalties :
T.J. Hensick (Det) for Roughing (Minor) at 3:38
2nd period
1. Red Wings , Ryan O'Reilly 18 (Connor Brown 32, Philip Samuelsson 12) at 8:10
2. Red Wings , Carson Mcmillan 8 (Jamie Arniel 20, Sergei Kostitsyn 5) at 11:18
3. Red Wings , Marko Dano 19 (Erik Gudbranson 31) at 13:41
4. Stars , Cam Atkinson 6 (Tobias Rieder 8, Cory Emmerton 10) at 18:49
Penalties :
Cody Franson (Det) for Hooking (Minor) at 0:09, David Rundblad (Det) for Hooking (Minor) at 2:51, Jonathan Drouin (Dal) for Hooking (Minor) at 16:01, Henrik Zetterberg (Det) for Hooking (Minor) at 19:13
3rd period
5. Red Wings , Cody Franson 3 (Nino Niederreiter 31, Connor Brown 33) at 8:08
6. Stars , John Tavares 40 (Michael Grabner 28, Paul Ladue 10) at 16:05 (PP)
Penalties :
Drew Fata (Det) for Holding Stick (Minor) at 2:24, Michael Haley (Det) for Hooking (Minor) at 4:21, Marko Dano (Det) for Roughing (Minor) at 15:48
Goalie Stats
Matt Murray (Dal), 31 saves from 35 shots - (0.886), L, 23-17-4, 60:00 minutes
Petr Mrazek (Det), 27 saves from 29 shots - (0.931), W, 23-12-2, 60:00 minutes
Players Stats for Stars
Player Name G A P +/- PIM S H SB GA TA FO MP PP MP PK MP
------------------------------------------------------------------------------------
Alex Chiasson 0 0 0 -2 0 2 1 1 1 0 0/0 16:19 4:14 0:00
Andrew Ladd 0 0 0 -2 0 1 1 1 2 0 1/3 17:06 4:14 0:39
Anton Cederholm 0 0 0 -1 0 0 0 0 0 0 0/0 11:40 0:00 0:00
Boris Valabik 0 0 0 -3 0 4 0 0 0 0 0/0 29:03 9:03 1:27
Brian Lee 0 0 0 -3 0 1 1 0 0 0 0/0 29:03 9:03 1:27
Cam Atkinson 1 0 1 0 0 1 0 0 1 0 0/0 12:15 0:02 0:00
Cory Emmerton 0 1 1 0 0 2 2 0 0 0 6/7 12:11 0:00 0:00
Evgeny Grachev 0 0 0 -2 0 1 0 0 1 2 11/17 16:37 4:14 0:18
Evgeny Kuznetsov 0 0 0 0 0 0 0 0 0 0 0/3 7:12 0:00 0:00
Guillaume Latendresse 0 0 0 -1 0 5 3 0 0 0 1/1 23:38 7:53 1:20
John Tavares 1 0 1 -1 0 4 2 0 0 0 18/29 23:31 7:55 1:20
Jonathan Drouin 0 0 0 0 2 0 1 0 0 0 0/0 7:08 0:00 0:00
Michael Grabner 0 1 1 -1 0 3 3 1 0 0 1/2 22:18 7:53 0:00
Paul Ladue 0 1 1 1 0 0 0 1 0 1 0/0 19:17 3:06 0:32
Scott Kosmachuck 0 0 0 0 0 0 1 0 0 0 0/0 7:05 0:02 0:00
Tobias Rieder 0 1 1 0 0 4 1 0 0 0 0/0 12:40 0:00 0:21
Tyler Wotherspoon 0 0 0 1 0 1 1 1 0 0 0/0 19:17 3:06 0:32
Tyson Barrie 0 0 0 -1 0 0 0 0 0 0 0/0 11:40 0:00 0:00
Players Stats for Red Wings
Player Name G A P +/- PIM S H SB GA TA FO MP PP MP PK MP
------------------------------------------------------------------------------------
Beau Bennett 0 0 0 0 0 0 1 0 0 0 0/0 7:39 0:00 0:00
Carson Mcmillan 1 0 1 0 0 1 2 2 0 0 0/3 16:28 0:00 7:38
Cody Franson 1 0 1 2 2 2 2 2 0 1 0/0 13:39 0:00 1:50
Connor Brown 0 2 2 2 0 8 0 0 0 0 0/1 16:59 1:13 0:00
David Rundblad 0 0 0 2 2 1 1 1 1 0 0/0 12:43 0:49 0:00
Drew Fata 0 0 0 0 2 0 1 2 0 0 0/0 25:20 0:00 6:47
Dylan Larkin 0 0 0 1 0 1 2 0 0 0 1/2 16:11 0:46 1:44
Erik Gudbranson 0 1 1 0 0 0 0 4 0 1 0/0 28:01 1:10 8:17
Henrik Zetterberg 0 0 0 1 2 2 0 0 0 0 8/18 14:42 1:13 0:18
Jamie Arniel 0 1 1 0 0 2 0 0 0 0 1/6 13:52 1:10 3:46
Marko Dano 1 0 1 1 2 5 1 0 0 0 0/1 15:29 0:46 1:24
Michael Haley 0 0 0 0 2 0 2 1 0 0 0/0 10:52 0:00 2:55
Nino Niederreiter 0 1 1 2 0 3 1 0 1 0 0/0 16:59 1:13 0:00
Philip Samuelsson 0 1 1 1 0 0 0 0 0 1 0/0 20:12 0:49 3:52
Ryan O'Byrne 0 0 0 1 0 1 0 1 0 1 0/0 19:16 0:00 3:52
Ryan O'Reilly 1 0 1 2 0 4 0 0 0 1 9/19 16:25 0:46 0:00
Sergei Kostitsyn 0 1 1 0 0 1 0 0 1 0 0/0 8:14 0:00 0:00
T.J. Hensick 0 0 0 0 2 4 1 0 0 0 5/12 14:41 0:00 6:10
3 Stars
1 - Connor Brown (Det)
2 - Ryan O'Reilly (Det)
3 - Cody Franson (Det)
Power Play
Stars - 1 on 7 Attempt(s) - 14.29%
Red Wings - 0 on 1 Attempt(s) - 0.00%
Penalty Kill
Stars - 1 on 1 Attempt(s) - 100.00%
- Score 0 goal in Penalty Kill
Red Wings - 6 on 7 Attempt(s) - 85.71%
- Score 0 goal in Penalty Kill
Team Stat
Stars - Hits : 17 - Faceoff Wins : 38 - Blocked Shots : 5 - Penalty Minutes : 2
Red Wings - Hits : 14 - Faceoff Wins : 24 - Blocked Shots : 13 - Penalty Minutes : 14
Official
Referees : Eric Furlatt and Peter MacDougall
Linesman : Steve Barton and Kiel Murchison
Game Notes
No Game Note
Finance
Level 1 -- Attendance: 6000 (100.00%) -- Ticket Income $600,000
Level 2 -- Attendance: 5000 (100.00%) -- Ticket Income $300,000
Level 3 -- Attendance: 1762 (88.10%) -- Ticket Income $61,670
Level 4 -- Attendance: 3692 (92.30%) -- Ticket Income $92,300
Luxury Box -- Attendance: 1000 (100.00%) -- Ticket Income $200,000
Game was played at the Little Caesars arena.
Total Attendance: 17454 (96.97%)
Total Ticket Income: $1,253,970
Other Income: $188,096
Total Income: $1,442,066
Stars
5 vs 5 Forward
Center Left Wing Right Wing Time % Phy DF OF
1 John Tavares Guillaume Latendresse Michael Grabner 40 1 2 2
2 Evgeny Grachev Andrew Ladd Alex Chiasson 30 1 2 2
3 Cory Emmerton Tobias Rieder Cam Atkinson 20 1 2 2
4 Evgeny Kuznetsov Jonathan Drouin Scott Kosmachuck 10 1 2 2
5 vs 5 Defense
Defense Defense Time % Phy DF OF
1 Boris Valabik Brian Lee 40 1 2 2
2 Paul Ladue Tyler Wotherspoon 30 1 2 2
3 Tyson Barrie Anton Cederholm 20 1 2 2
4 Boris Valabik Brian Lee 10 1 2 2
PowerPlay Forward
Center Left Wing Right Wing Time % Phy DF OF
1 John Tavares Guillaume Latendresse Michael Grabner 60 0 2 3
2 Evgeny Grachev Andrew Ladd Alex Chiasson 40 0 2 3
PowerPlay Defense
Defense Defense Time % Phy DF OF
1 Boris Valabik Brian Lee 60 1 2 2
2 Paul Ladue Tyler Wotherspoon 40 1 2 2
Penalty Kill 4 Players Forward
Center Wing Time % Phy DF OF
1 John Tavares Guillaume Latendresse 60 1 2 2
2 Evgeny Grachev Andrew Ladd 40 1 2 2
Penalty Kill 4 Players Defense
Defense Defense Time % Phy DF OF
1 Boris Valabik Brian Lee 60 0 3 2
2 Paul Ladue Tyler Wotherspoon 40 0 3 2
Penalty Kill - 3 Players Forward
Forward Time % Phy DF OF
1 John Tavares 60 1 2 2
2 Evgeny Grachev 40 1 2 2
Penalty Kill - 3 Players Defense
Defense Defense Time % Phy DF OF
1 Boris Valabik Brian Lee 60 0 3 2
2 Paul Ladue Tyler Wotherspoon 40 0 3 2
4 vs 4 Forward
Center Wing Time % Phy DF OF
1 John Tavares Guillaume Latendresse 60 0 2 3
2 Evgeny Grachev Andrew Ladd 40 0 2 3
4 vs 4 Defense
Defense Defense Time % Phy DF OF
1 Boris Valabik Brian Lee 60 1 2 2
2 Paul Ladue Tyler Wotherspoon 40 1 2 2
Last Minutes Offensive
Center Left Wing Right Wing Defense Defense
John Tavares Guillaume Latendresse Michael Grabner Boris Valabik Brian Lee
Last Minutes Defensive
Center Left Wing Right Wing Defense Defense
John Tavares Guillaume Latendresse Michael Grabner Boris Valabik Brian Lee
Goaltenders
Starting : Matt Murray
Backup : Jhonas Enroth
Extra Forwards
Normal : Andrew Ladd, Cam Atkinson, Tobias Rieder - PP : Andrew Ladd, Cam Atkinson - PK : Andrew Ladd
Extra Defensemen
Normal : Tyler Wotherspoon, Tyson Barrie, Anton Cederholm - PP : Tyler Wotherspoon - PK : Tyler Wotherspoon, Tyson Barrie
Penalty Shots
John Tavares, Michael Grabner, Guillaume Latendresse, Alex Chiasson, Andrew Ladd
Scratches
Andrej Sustr (Right Knee Injury), Tyler Brenner (Healthy)
Red Wings
5 vs 5 Forward
Center Left Wing Right Wing Time % Phy DF OF
1 Ryan O'Reilly Nino Niederreiter Connor Brown 35 1 2 2
2 Henrik Zetterberg Marko Dano Dylan Larkin 35 1 2 2
3 Jamie Arniel Sergei Kostitsyn Carson Mcmillan 20 1 2 2
4 T.J. Hensick Michael Haley Beau Bennett 10 1 2 2
5 vs 5 Defense
Defense Defense Time % Phy DF OF
1 Erik Gudbranson Drew Fata 40 0 2 3
2 Philip Samuelsson Ryan O'Byrne 30 1 2 2
3 David Rundblad Cody Franson 20 1 2 2
4 David Rundblad Cody Franson 10 1 2 2
PowerPlay Forward
Center Left Wing Right Wing Time % Phy DF OF
1 Henrik Zetterberg Nino Niederreiter Connor Brown 60 1 0 4
2 Ryan O'Reilly Marko Dano Dylan Larkin 40 1 0 4
PowerPlay Defense
Defense Defense Time % Phy DF OF
1 Jamie Arniel Erik Gudbranson 60 0 1 4
2 Philip Samuelsson David Rundblad 40 0 1 4
Penalty Kill 4 Players Forward
Center Wing Time % Phy DF OF
1 T.J. Hensick Carson Mcmillan 60 1 2 2
2 Jamie Arniel Michael Haley 40 1 2 2
Penalty Kill 4 Players Defense
Defense Defense Time % Phy DF OF
1 Erik Gudbranson Drew Fata 60 1 2 2
2 Ryan O'Byrne Philip Samuelsson 40 1 2 2
Penalty Kill - 3 Players Forward
Forward Time % Phy DF OF
1 Carson Mcmillan 60 1 2 2
2 Michael Haley 40 1 2 2
Penalty Kill - 3 Players Defense
Defense Defense Time % Phy DF OF
1 Drew Fata Erik Gudbranson 60 1 2 2
2 Philip Samuelsson Ryan O'Byrne 40 1 2 2
4 vs 4 Forward
Center Wing Time % Phy DF OF
1 Connor Brown Nino Niederreiter 60 1 2 2
2 Ryan O'Reilly Marko Dano 40 1 2 2
4 vs 4 Defense
Defense Defense Time % Phy DF OF
1 Erik Gudbranson Philip Samuelsson 60 1 2 2
2 Drew Fata Cody Franson 40 1 2 2
Last Minutes Offensive
Center Left Wing Right Wing Defense Defense
Henrik Zetterberg Nino Niederreiter Connor Brown Erik Gudbranson Philip Samuelsson
Last Minutes Defensive
Center Left Wing Right Wing Defense Defense
T.J. Hensick Michael Haley Carson Mcmillan Drew Fata Erik Gudbranson
Goaltenders
Starting : Petr Mrazek
Backup : Mike McKenna
Extra Forwards
Normal : Carson Mcmillan, Dylan Larkin, T.J. Hensick - PP : Carson Mcmillan, Sergei Kostitsyn - PK : T.J. Hensick
Extra Defensemen
Normal : Erik Gudbranson, Cody Franson, Philip Samuelsson - PP : Drew Fata - PK : Cody Franson, Drew Fata
Penalty Shots
Connor Brown, Dylan Larkin, Nino Niederreiter, Marko Dano, Henrik Zetterberg
Scratches
Tomas Kundratek (Healthy)
% Time on Ice - Stars
Lines # - Real PCT - Wanted PCT - Time Play
Normal Forward
1 - 31% - 40% - 14:24
2 - 27% - 30% - 12:16
3 - 27% - 20% - 12:11
4 - 15% - 10% - 7:01
Normal Defense
1 - 35% - 40% - 16:14
2 - 34% - 30% - 15:39
3 - 25% - 20% - 11:40
4 - 5% - 10% - 2:19
PP Forward
1 - 65% - 60% - 7:55
2 - 35% - 40% - 4:14
PP Defense
1 - 74% - 60% - 9:03
2 - 26% - 40% - 3:06
PK Forward
1 - 85% - 60% - 1:41
2 - 15% - 40% - 0:18
PK Defense
1 - 73% - 60% - 1:27
2 - 27% - 40% - 0:32
PK3 Forward
1 - 0% - 60%
2 - 0% - 40%
PK3 Defense
1 - 0% - 60%
2 - 0% - 40%
44 Forward
1 - 0% - 60%
2 - 0% - 40%
44 Defense
1 - 0% - 60%
2 - 0% - 40%
Last Minute Offensive - 0:00
Last Minute Defensive - 0:00
Total
Forward - 60:00
Defense - 60:00
|
% Time on Ice - Red Wings
Lines # - Real PCT - Wanted PCT - Time Play
Normal Forward
1 - 36% - 35% - 16:44
2 - 30% - 35% - 13:39
3 - 18% - 20% - 8:14
4 - 16% - 10% - 7:15
Normal Defense
1 - 40% - 40% - 18:34
2 - 34% - 30% - 15:31
3 - 18% - 20% - 8:09
4 - 8% - 10% - 3:38
PP Forward
1 - 61% - 60% - 1:13
2 - 39% - 40% - 0:46
PP Defense
1 - 59% - 60% - 1:10
2 - 41% - 40% - 0:49
PK Forward
1 - 69% - 60% - 8:21
2 - 31% - 40% - 3:46
PK Defense
1 - 68% - 60% - 8:15
2 - 32% - 40% - 3:52
PK3 Forward
1 - 100% - 60% - 0:02
2 - 0% - 40% - 0:00
PK3 Defense
1 - 100% - 60% - 0:02
2 - 0% - 40% - 0:00
44 Forward
1 - 0% - 60%
2 - 0% - 40%
44 Defense
1 - 0% - 60%
2 - 0% - 40%
Last Minute Offensive - 0:00
Last Minute Defensive - 0:00
Total
Forward - 60:00
Defense - 60:00
|
Play-by-Play
1st period
0:01 of 1st period - Ryan O'Reilly wins face-off versus John Tavares in neutral zone.
0:04 of 1st period - Wrist shot by Connor Brown.
0:04 of 1st period - Stopped by Matt Murray without a rebound.
0:05 of 1st period - Ryan O'Reilly wins face-off versus Michael Grabner in Stars zone.
0:46 of 1st period - Erik Gudbranson is hit by John Tavares and loses puck.
1:29 of 1st period - Slapshot by T.J. Hensick.
1:29 of 1st period - Deflect By Boris Valabik.
1:29 of 1st period - Stopped by Matt Murray with a rebound.
1:45 of 1st period - Backhand shot by Jonathan Drouin.
1:45 of 1st period - Shot Misses the Net.
1:47 of 1st period - Slapshot by Boris Valabik.
1:47 of 1st period - Deflect By Ryan O'Reilly.
1:47 of 1st period - Stopped by Petr Mrazek without a rebound.
1:48 of 1st period - Evgeny Grachev wins face-off versus Henrik Zetterberg in Red Wings zone.
2:15 of 1st period - Cody Franson is hit by Tobias Rieder and loses puck.
2:36 of 1st period - Erik Gudbranson is hit by Guillaume Latendresse and loses puck.
3:08 of 1st period - Icing by Beau Bennett.
3:09 of 1st period - T.J. Hensick wins face-off versus Andrew Ladd in Red Wings zone.
3:32 of 1st period - Michael Haley is hit by Alex Chiasson and loses puck.
3:38 of 1st period - Minor Penalty to T.J. Hensick for Roughing.
3:39 of 1st period - John Tavares wins face-off versus Dylan Larkin in Red Wings zone.
3:55 of 1st period - Slapshot by Michael Grabner.
3:55 of 1st period - Shot Misses the Net.
5:03 of 1st period - Carson Mcmillan is hit by Michael Grabner and loses puck.
5:30 of 1st period - Backhand shot by John Tavares.
5:30 of 1st period - Shot Hit the Post.
5:32 of 1st period - Snap shot by John Tavares.
5:32 of 1st period - Shot Blocked by Drew Fata.
5:34 of 1st period - Wrist shot by Boris Valabik.
5:34 of 1st period - Deflect By Guillaume Latendresse.
5:34 of 1st period - Shot Blocked by Carson Mcmillan.
5:34 of 1st period - Puck is out of play.
5:35 of 1st period - Jamie Arniel wins face-off versus Evgeny Grachev in Red Wings zone.
5:38 of 1st period - Penalty to T.J. Hensick is over, T.J. Hensick is back on ice.
6:00 of 1st period - Wrist shot by T.J. Hensick.
6:00 of 1st period - Stopped by Matt Murray with a rebound.
6:02 of 1st period - Slapshot by Ryan O'Byrne.
6:02 of 1st period - Stopped by Matt Murray with a rebound.
6:18 of 1st period - Snap shot by T.J. Hensick.
6:18 of 1st period - Stopped by Matt Murray without a rebound.
6:19 of 1st period - Cory Emmerton wins face-off versus Ryan O'Reilly in Stars zone.
6:24 of 1st period - Slapshot by Tyson Barrie.
6:24 of 1st period - Shot Blocked by Cody Franson.
6:30 of 1st period - Snap shot by Cory Emmerton.
6:30 of 1st period - Stopped by Petr Mrazek with a rebound.
6:32 of 1st period - Slapshot by Tobias Rieder.
6:32 of 1st period - Shot Misses the Net.
6:44 of 1st period - Tyson Barrie is hit by Cody Franson and loses puck.
7:19 of 1st period - Slapshot by Jonathan Drouin.
7:19 of 1st period - Deflect By Tobias Rieder.
7:19 of 1st period - Stopped by Petr Mrazek with a rebound.
7:37 of 1st period - Snap shot by Andrew Ladd.
7:37 of 1st period - Stopped by Petr Mrazek with a rebound.
9:21 of 1st period - Boris Valabik is hit by Michael Haley and loses puck.
10:32 of 1st period - Slapshot by Dylan Larkin.
10:32 of 1st period - Stopped by Matt Murray without a rebound.
10:33 of 1st period - Evgeny Grachev wins face-off versus Henrik Zetterberg in Stars zone.
12:01 of 1st period - Snap shot by Sergei Kostitsyn.
12:01 of 1st period - Shot Misses the Net.
12:08 of 1st period - Icing by Boris Valabik.
12:09 of 1st period - Evgeny Grachev wins face-off versus Ryan O'Reilly in Stars zone.
13:00 of 1st period - David Rundblad is hit by Brian Lee and loses puck.
13:39 of 1st period - Ryan O'Byrne is hit by Jonathan Drouin and loses puck.
14:30 of 1st period - Michael Grabner is hit by Nino Niederreiter and loses puck.
14:41 of 1st period - Snap shot by Connor Brown.
14:41 of 1st period - Stopped by Matt Murray without a rebound.
14:42 of 1st period - Henrik Zetterberg wins face-off versus Cory Emmerton in Stars zone.
14:53 of 1st period - Henrik Zetterberg is hit by Cory Emmerton and loses puck.
15:12 of 1st period - Snap shot by Erik Gudbranson.
15:12 of 1st period - Shot Blocked by Alex Chiasson.
15:18 of 1st period - Nino Niederreiter is hit by Andrew Ladd and loses puck.
15:35 of 1st period - Snap shot by Guillaume Latendresse.
15:35 of 1st period - Stopped by Petr Mrazek with a rebound.
16:27 of 1st period - Andrew Ladd is hit by Drew Fata and loses puck.
16:32 of 1st period - Wrist shot by Dylan Larkin.
16:32 of 1st period - Shot Misses the Net.
16:34 of 1st period - Slapshot by Henrik Zetterberg.
16:34 of 1st period - Shot Blocked by Andrew Ladd.
16:36 of 1st period - Slapshot by Drew Fata.
16:36 of 1st period - Shot Misses the Net.
16:38 of 1st period - Snap shot by Henrik Zetterberg.
16:38 of 1st period - Stopped by Matt Murray without a rebound.
16:39 of 1st period - John Tavares wins face-off versus Ryan O'Reilly in Stars zone.
16:48 of 1st period - Snap shot by Connor Brown.
16:48 of 1st period - Stopped by Matt Murray with a rebound.
16:50 of 1st period - Slapshot by Cody Franson.
16:50 of 1st period - Deflect By Ryan O'Reilly.
16:50 of 1st period - Shot Misses the Net.
16:50 of 1st period - Puck is out of play.
16:51 of 1st period - John Tavares wins face-off versus Ryan O'Reilly in Stars zone.
17:00 of 1st period - Snap shot by Michael Grabner.
17:00 of 1st period - Shot Misses the Net.
17:02 of 1st period - Snap shot by Boris Valabik.
17:02 of 1st period - Deflect By Guillaume Latendresse.
17:02 of 1st period - Stopped by Petr Mrazek without a rebound.
17:03 of 1st period - Ryan O'Reilly wins face-off versus John Tavares in Red Wings zone.
17:30 of 1st period - Michael Grabner is hit by Cody Franson and loses puck.
17:53 of 1st period - Wrist shot by Beau Bennett.
17:53 of 1st period - Deflect By T.J. Hensick.
17:53 of 1st period - Stopped by Matt Murray with a rebound.
18:03 of 1st period - T.J. Hensick is hit by Michael Grabner and loses puck.
18:21 of 1st period - Wrist shot by Guillaume Latendresse.
18:21 of 1st period - Shot Misses the Net.
18:23 of 1st period - Snap shot by Guillaume Latendresse.
18:23 of 1st period - Shot Misses the Net.
18:25 of 1st period - Wrist shot by Guillaume Latendresse.
18:25 of 1st period - Shot Misses the Net.
18:58 of 1st period - Snap shot by John Tavares.
18:58 of 1st period - Stopped by Petr Mrazek with a rebound.
19:00 of 1st period - Slapshot by John Tavares.
19:00 of 1st period - Shot Misses the Net.
19:02 of 1st period - Slapshot by Boris Valabik.
19:02 of 1st period - Stopped by Petr Mrazek with a rebound.
19:04 of 1st period - Wrist shot by John Tavares.
19:04 of 1st period - Shot Misses the Net.
19:06 of 1st period - Slapshot by Brian Lee.
19:06 of 1st period - Shot Blocked by Michael Haley.
19:08 of 1st period - Wrist shot by Michael Grabner.
19:08 of 1st period - Stopped by Petr Mrazek without a rebound.
19:09 of 1st period - Evgeny Grachev wins face-off versus Henrik Zetterberg in Red Wings zone.
19:12 of 1st period - Wrist shot by Alex Chiasson.
19:12 of 1st period - Stopped by Petr Mrazek without a rebound.
19:13 of 1st period - Evgeny Grachev wins face-off versus Henrik Zetterberg in Red Wings zone.
19:20 of 1st period - Alex Chiasson is hit by Marko Dano and loses puck.
Goals for this period are 0 for Stars vs 0 for Red Wings.
Shots for this period are 10 for Stars vs 10 for Red Wings.
2nd period
0:01 of 2nd period - John Tavares wins face-off versus Ryan O'Reilly in neutral zone.
0:09 of 2nd period - Minor Penalty to Cody Franson for Hooking.
0:10 of 2nd period - T.J. Hensick wins face-off versus John Tavares in Red Wings zone.
0:10 of 2nd period - T.J. Hensick is hit by Michael Grabner.
0:19 of 2nd period - Snap shot by Brian Lee.
0:19 of 2nd period - Shot Misses the Net.
0:21 of 2nd period - Slapshot by Boris Valabik.
0:21 of 2nd period - Deflect By Guillaume Latendresse.
0:21 of 2nd period - Shot Misses the Net.
0:21 of 2nd period - Puck is out of play.
0:22 of 2nd period - John Tavares wins face-off versus T.J. Hensick in Red Wings zone.
0:39 of 2nd period - Wrist shot by John Tavares.
0:39 of 2nd period - Stopped by Petr Mrazek with a rebound.
1:20 of 2nd period - Icing by John Tavares.
1:21 of 2nd period - John Tavares wins face-off versus Jamie Arniel in Stars zone.
1:38 of 2nd period - Erik Gudbranson is hit by Tyler Wotherspoon and loses puck.
2:09 of 2nd period - Penalty to Cody Franson is over, Cody Franson is back on ice.
2:11 of 2nd period - Icing by Andrew Ladd.
2:12 of 2nd period - Ryan O'Reilly wins face-off versus Evgeny Grachev in Stars zone.
2:15 of 2nd period - Backhand shot by Connor Brown.
2:15 of 2nd period - Stopped by Matt Murray without a rebound.
2:16 of 2nd period - Ryan O'Reilly wins face-off versus John Tavares in Stars zone.
2:17 of 2nd period - Snap shot by Connor Brown.
2:17 of 2nd period - Deflect By John Tavares.
2:17 of 2nd period - Stopped by Matt Murray with a rebound.
2:19 of 2nd period - Slapshot by Ryan O'Reilly.
2:19 of 2nd period - Stopped by Matt Murray without a rebound.
2:20 of 2nd period - Ryan O'Reilly wins face-off versus John Tavares in Stars zone.
2:42 of 2nd period - Wrist shot by Nino Niederreiter.
2:42 of 2nd period - Deflect By John Tavares.
2:42 of 2nd period - Stopped by Matt Murray with a rebound.
2:44 of 2nd period - Wrist shot by Nino Niederreiter.
2:44 of 2nd period - Stopped by Matt Murray with a rebound.
2:51 of 2nd period - Minor Penalty to David Rundblad for Hooking.
2:52 of 2nd period - T.J. Hensick wins face-off versus Evgeny Grachev in Red Wings zone.
2:57 of 2nd period - Icing by Boris Valabik.
2:58 of 2nd period - Evgeny Grachev wins face-off versus T.J. Hensick in Stars zone.
2:58 of 2nd period - Evgeny Grachev is hit by Carson Mcmillan.
3:04 of 2nd period - Wrist shot by Boris Valabik.
3:04 of 2nd period - Shot Misses the Net.
4:51 of 2nd period - Penalty to David Rundblad is over, David Rundblad is back on ice.
5:05 of 2nd period - Icing by Connor Brown.
5:06 of 2nd period - Ryan O'Reilly wins face-off versus Evgeny Kuznetsov in Red Wings zone.
5:06 of 2nd period - Ryan O'Reilly is hit by Scott Kosmachuck.
5:16 of 2nd period - Wrist shot by Nino Niederreiter.
5:16 of 2nd period - Stopped by Matt Murray without a rebound.
5:17 of 2nd period - Dylan Larkin wins face-off versus Evgeny Grachev in Stars zone.
5:24 of 2nd period - Snap shot by Henrik Zetterberg.
5:24 of 2nd period - Shot Misses the Net.
5:30 of 2nd period - Alex Chiasson is hit by Dylan Larkin and loses puck.
5:47 of 2nd period - Snap shot by John Tavares.
5:47 of 2nd period - Shot Blocked by Cody Franson.
5:59 of 2nd period - Snap shot by Connor Brown.
5:59 of 2nd period - Shot Misses the Net.
6:21 of 2nd period - Snap shot by Boris Valabik.
6:21 of 2nd period - Shot Misses the Net.
6:37 of 2nd period - Boris Valabik is hit by Beau Bennett and loses puck.
7:28 of 2nd period - Snap shot by John Tavares.
7:28 of 2nd period - Shot Misses the Net.
7:30 of 2nd period - Wrist shot by Michael Grabner.
7:30 of 2nd period - Deflect By John Tavares.
7:30 of 2nd period - Shot Misses the Net.
7:30 of 2nd period - Puck is out of play.
7:31 of 2nd period - Cory Emmerton wins face-off versus Henrik Zetterberg in Red Wings zone.
7:35 of 2nd period - Icing by Ryan O'Byrne.
7:36 of 2nd period - Cory Emmerton wins face-off versus Henrik Zetterberg in Red Wings zone.
8:08 of 2nd period - Snap shot by Connor Brown.
8:08 of 2nd period - Shot Misses the Net.
8:10 of 2nd period - Snap shot by Ryan O'Reilly.
8:10 of 2nd period - Goal by Ryan O'Reilly - Stars : 0 - Red Wings : 1.
8:11 of 2nd period - Michael Grabner wins face-off versus Henrik Zetterberg in neutral zone.
8:16 of 2nd period - Slapshot by Guillaume Latendresse.
8:16 of 2nd period - Shot Misses the Net.
8:18 of 2nd period - Backhand shot by Guillaume Latendresse.
8:18 of 2nd period - Stopped by Petr Mrazek with a rebound.
8:20 of 2nd period - Slapshot by Brian Lee.
8:20 of 2nd period - Shot Blocked by Erik Gudbranson.
8:22 of 2nd period - Snap shot by Michael Grabner.
8:22 of 2nd period - Shot Misses the Net.
8:44 of 2nd period - Off-side.
8:45 of 2nd period - Andrew Ladd wins face-off versus Connor Brown in neutral zone.
8:54 of 2nd period - Wrist shot by Evgeny Grachev.
8:54 of 2nd period - Stopped by Petr Mrazek without a rebound.
8:55 of 2nd period - Evgeny Grachev wins face-off versus Ryan O'Reilly in Red Wings zone.
8:56 of 2nd period - Wrist shot by Alex Chiasson.
8:56 of 2nd period - Shot Blocked by Drew Fata.
8:58 of 2nd period - Snap shot by Tyler Wotherspoon.
8:58 of 2nd period - Stopped by Petr Mrazek without a rebound.
8:59 of 2nd period - Henrik Zetterberg wins face-off versus John Tavares in Red Wings zone.
8:59 of 2nd period - Henrik Zetterberg is hit by John Tavares.
9:15 of 2nd period - Snap shot by Marko Dano.
9:15 of 2nd period - Stopped by Matt Murray with a rebound.
10:15 of 2nd period - Wrist shot by Dylan Larkin.
10:15 of 2nd period - Shot Blocked by Tyler Wotherspoon.
10:45 of 2nd period - Wrist shot by Marko Dano.
10:45 of 2nd period - Stopped by Matt Murray without a rebound.
10:46 of 2nd period - John Tavares wins face-off versus Ryan O'Reilly in Stars zone.
10:55 of 2nd period - Slapshot by Michael Grabner.
10:55 of 2nd period - Stopped by Petr Mrazek with a rebound.
11:03 of 2nd period - Michael Grabner is hit by David Rundblad and loses puck.
11:16 of 2nd period - Wrist shot by Jamie Arniel.
11:16 of 2nd period - Shot Misses the Net.
11:18 of 2nd period - Wrist shot by Carson Mcmillan.
11:18 of 2nd period - Goal by Carson Mcmillan - Stars : 0 - Red Wings : 2.
11:19 of 2nd period - Henrik Zetterberg wins face-off versus John Tavares in neutral zone.
12:54 of 2nd period - Wrist shot by Tyler Wotherspoon.
12:54 of 2nd period - Deflect By Evgeny Grachev.
12:54 of 2nd period - Shot Misses the Net.
12:54 of 2nd period - Puck is out of play.
12:55 of 2nd period - Henrik Zetterberg wins face-off versus Evgeny Grachev in Red Wings zone.
12:59 of 2nd period - Icing by Marko Dano.
13:00 of 2nd period - Henrik Zetterberg wins face-off versus John Tavares in Red Wings zone.
13:09 of 2nd period - Snap shot by Henrik Zetterberg.
13:09 of 2nd period - Stopped by Matt Murray without a rebound.
13:10 of 2nd period - John Tavares wins face-off versus Ryan O'Reilly in Stars zone.
13:41 of 2nd period - Wrist shot by Marko Dano.
13:41 of 2nd period - Goal by Marko Dano - Stars : 0 - Red Wings : 3.
13:42 of 2nd period - John Tavares wins face-off versus Ryan O'Reilly in neutral zone.
14:33 of 2nd period - Icing by Philip Samuelsson.
14:34 of 2nd period - Evgeny Grachev wins face-off versus Jamie Arniel in Red Wings zone.
14:43 of 2nd period - Backhand shot by Evgeny Grachev.
14:43 of 2nd period - Shot Misses the Net.
15:12 of 2nd period - Slapshot by Philip Samuelsson.
15:12 of 2nd period - Shot Misses the Net.
15:42 of 2nd period - Scott Kosmachuck is hit by Michael Haley and loses puck.
16:01 of 2nd period - Minor Penalty to Jonathan Drouin for Hooking.
16:02 of 2nd period - Henrik Zetterberg wins face-off versus John Tavares in Stars zone.
16:43 of 2nd period - Wrist shot by Guillaume Latendresse.
16:43 of 2nd period - Stopped by Petr Mrazek with a rebound.
16:45 of 2nd period - Slapshot by Guillaume Latendresse.
16:45 of 2nd period - Shot Blocked by David Rundblad.
16:47 of 2nd period - Wrist shot by Guillaume Latendresse.
16:47 of 2nd period - Stopped by Petr Mrazek without a rebound.
16:48 of 2nd period - John Tavares wins face-off versus Henrik Zetterberg in Red Wings zone.
17:32 of 2nd period - Wrist shot by Connor Brown.
17:32 of 2nd period - Stopped by Matt Murray without a rebound.
17:33 of 2nd period - Ryan O'Reilly wins face-off versus Andrew Ladd in Stars zone.
18:01 of 2nd period - Penalty to Jonathan Drouin is over, Jonathan Drouin is back on ice.
18:40 of 2nd period - Snap shot by Tobias Rieder.
18:40 of 2nd period - Stopped by Petr Mrazek without a rebound.
18:41 of 2nd period - Cory Emmerton wins face-off versus Jamie Arniel in Red Wings zone.
18:49 of 2nd period - Slapshot by Cam Atkinson.
18:49 of 2nd period - Goal by Cam Atkinson - Stars : 1 - Red Wings : 3.
18:50 of 2nd period - Guillaume Latendresse wins face-off versus Marko Dano in neutral zone.
19:13 of 2nd period - Minor Penalty to Henrik Zetterberg for Hooking.
19:14 of 2nd period - John Tavares wins face-off versus T.J. Hensick in Red Wings zone.
Goals for this period are 1 for Stars vs 3 for Red Wings.
Shots for this period are 9 for Stars vs 13 for Red Wings.
3rd period
0:01 of 3rd period - T.J. Hensick wins face-off versus John Tavares in neutral zone.
0:14 of 3rd period - Snap shot by John Tavares.
0:14 of 3rd period - Shot Blocked by Erik Gudbranson.
1:13 of 3rd period - Penalty to Henrik Zetterberg is over, Henrik Zetterberg is back on ice.
1:52 of 3rd period - Icing by Ryan O'Reilly.
1:53 of 3rd period - Ryan O'Reilly wins face-off versus Evgeny Kuznetsov in Red Wings zone.
2:00 of 3rd period - Snap shot by Connor Brown.
2:00 of 3rd period - Stopped by Matt Murray without a rebound.
2:01 of 3rd period - John Tavares wins face-off versus Henrik Zetterberg in Stars zone.
2:24 of 3rd period - Minor Penalty to Drew Fata for Holding Stick.
2:25 of 3rd period - John Tavares wins face-off versus Carson Mcmillan in Red Wings zone.
2:40 of 3rd period - Slapshot by Boris Valabik.
2:40 of 3rd period - Shot Misses the Net.
2:42 of 3rd period - Slapshot by Boris Valabik.
2:42 of 3rd period - Stopped by Petr Mrazek without a rebound.
2:43 of 3rd period - Evgeny Grachev wins face-off versus T.J. Hensick in Red Wings zone.
2:46 of 3rd period - Snap shot by Alex Chiasson.
2:46 of 3rd period - Shot Blocked by Erik Gudbranson.
2:54 of 3rd period - Evgeny Grachev is hit by Carson Mcmillan and loses puck.
3:40 of 3rd period - Off-side.
3:41 of 3rd period - Evgeny Grachev wins face-off versus T.J. Hensick in neutral zone.
3:50 of 3rd period - Wrist shot by Alex Chiasson.
3:50 of 3rd period - Shot Blocked by Carson Mcmillan.
3:52 of 3rd period - Slapshot by Brian Lee.
3:52 of 3rd period - Stopped by Petr Mrazek with a rebound.
3:54 of 3rd period - Snap shot by Boris Valabik.
3:54 of 3rd period - Stopped by Petr Mrazek without a rebound.
3:55 of 3rd period - John Tavares wins face-off versus T.J. Hensick in Red Wings zone.
4:14 of 3rd period - Jamie Arniel is hit by Guillaume Latendresse and loses puck.
4:21 of 3rd period - Minor Penalty to Michael Haley for Hooking.
4:22 of 3rd period - John Tavares wins face-off versus Carson Mcmillan in Red Wings zone.
4:24 of 3rd period - Penalty to Drew Fata is over, Drew Fata is back on ice.
6:21 of 3rd period - Penalty to Michael Haley is over, Michael Haley is back on ice.
6:29 of 3rd period - Snap shot by Cory Emmerton.
6:29 of 3rd period - Deflect By Tobias Rieder.
6:29 of 3rd period - Stopped by Petr Mrazek without a rebound.
6:30 of 3rd period - Cory Emmerton wins face-off versus Ryan O'Reilly in Red Wings zone.
6:37 of 3rd period - Slapshot by Tobias Rieder.
6:37 of 3rd period - Shot Misses the Net.
6:47 of 3rd period - Slapshot by Tobias Rieder.
6:47 of 3rd period - Stopped by Petr Mrazek with a rebound.
7:14 of 3rd period - Snap shot by Connor Brown.
7:14 of 3rd period - Stopped by Matt Murray with a rebound.
7:16 of 3rd period - Snap shot by David Rundblad.
7:16 of 3rd period - Stopped by Matt Murray with a rebound.
7:18 of 3rd period - Snap shot by Ryan O'Reilly.
7:18 of 3rd period - Stopped by Matt Murray with a rebound.
7:38 of 3rd period - Snap shot by Nino Niederreiter.
7:38 of 3rd period - Shot Misses the Net.
7:40 of 3rd period - Slapshot by Cody Franson.
7:40 of 3rd period - Stopped by Matt Murray with a rebound.
7:42 of 3rd period - Wrist shot by Ryan O'Reilly.
7:42 of 3rd period - Stopped by Matt Murray with a rebound.
8:06 of 3rd period - Snap shot by Nino Niederreiter.
8:06 of 3rd period - Shot Misses the Net.
8:08 of 3rd period - Slapshot by Cody Franson.
8:08 of 3rd period - Goal by Cody Franson - Stars : 1 - Red Wings : 4.
8:09 of 3rd period - John Tavares wins face-off versus Henrik Zetterberg in neutral zone.
8:45 of 3rd period - Slapshot by Beau Bennett.
8:45 of 3rd period - Shot Blocked by Michael Grabner.
8:47 of 3rd period - Slapshot by Michael Haley.
8:47 of 3rd period - Shot Misses the Net.
9:31 of 3rd period - Slapshot by Sergei Kostitsyn.
9:31 of 3rd period - Deflect By Jamie Arniel.
9:31 of 3rd period - Stopped by Matt Murray without a rebound.
9:32 of 3rd period - Henrik Zetterberg wins face-off versus Evgeny Grachev in Stars zone.
10:53 of 3rd period - Slapshot by Evgeny Kuznetsov.
10:53 of 3rd period - Shot Misses the Net.
12:46 of 3rd period - Brian Lee is hit by T.J. Hensick.
12:56 of 3rd period - Slapshot by Jamie Arniel.
12:56 of 3rd period - Stopped by Matt Murray with a rebound.
12:58 of 3rd period - Slapshot by Ryan O'Byrne.
12:58 of 3rd period - Shot Misses the Net.
13:00 of 3rd period - Snap shot by Sergei Kostitsyn.
13:00 of 3rd period - Stopped by Matt Murray without a rebound.
13:01 of 3rd period - John Tavares wins face-off versus Jamie Arniel in Stars zone.
13:18 of 3rd period - Snap shot by Michael Grabner.
13:18 of 3rd period - Shot Misses the Net.
13:28 of 3rd period - Andrew Ladd is hit by Dylan Larkin and loses puck.
13:37 of 3rd period - Wrist shot by Marko Dano.
13:37 of 3rd period - Stopped by Matt Murray with a rebound.
13:39 of 3rd period - Slapshot by Marko Dano.
13:39 of 3rd period - Stopped by Matt Murray with a rebound.
14:17 of 3rd period - Slapshot by John Tavares.
14:17 of 3rd period - Shot Misses the Net.
14:39 of 3rd period - Snap shot by Alex Chiasson.
14:39 of 3rd period - Stopped by Petr Mrazek with a rebound.
14:50 of 3rd period - Off-side.
14:51 of 3rd period - Henrik Zetterberg wins face-off versus Evgeny Kuznetsov in neutral zone.
15:19 of 3rd period - Wrist shot by Dylan Larkin.
15:19 of 3rd period - Shot Misses the Net.
15:48 of 3rd period - Minor Penalty to Marko Dano for Roughing.
15:49 of 3rd period - John Tavares wins face-off versus T.J. Hensick in Red Wings zone.
15:56 of 3rd period - Wrist shot by John Tavares.
15:56 of 3rd period - Stopped by Petr Mrazek without a rebound.
15:57 of 3rd period - T.J. Hensick wins face-off versus John Tavares in Red Wings zone.
15:57 of 3rd period - T.J. Hensick is hit by Guillaume Latendresse.
16:05 of 3rd period - Backhand shot by Michael Grabner.
16:05 of 3rd period - Deflect By John Tavares.
16:05 of 3rd period - Goal by John Tavares - Stars : 2 - Red Wings : 4.
16:06 of 3rd period - Cory Emmerton wins face-off versus Jamie Arniel in neutral zone.
17:39 of 3rd period - Ryan O'Reilly is hit by Cory Emmerton.
18:03 of 3rd period - Wrist shot by Cory Emmerton.
18:03 of 3rd period - Shot Blocked by Ryan O'Byrne.
18:29 of 3rd period - Wrist shot by Nino Niederreiter.
18:29 of 3rd period - Shot Blocked by Paul Ladue.
19:03 of 3rd period - Wrist shot by Connor Brown.
19:03 of 3rd period - Shot Misses the Net.
19:13 of 3rd period - Wrist shot by Cory Emmerton.
19:13 of 3rd period - Stopped by Petr Mrazek without a rebound.
19:14 of 3rd period - Evgeny Grachev wins face-off versus Carson Mcmillan in Red Wings zone.
19:17 of 3rd period - Slapshot by Evgeny Grachev.
19:17 of 3rd period - Shot Misses the Net.
19:19 of 3rd period - Slapshot by Boris Valabik.
19:19 of 3rd period - Shot Blocked by Erik Gudbranson.
19:59 of 3rd period - Wrist shot by Michael Grabner.
19:59 of 3rd period - Stopped by Petr Mrazek with a rebound.
Goals for this period are 1 for Stars vs 1 for Red Wings.
Shots for this period are 10 for Stars vs 12 for Red Wings.